Map: Proxima Station LE

Players

Neeb - Winner!

  • Race: Protoss Protoss
  • Spawn Location: 7:00

Kelazhur

  • Race: Terran Terran
  • Spawn Location: 1:00

Event: WCS Jonkoping 2017

VOD

Have the link to the VOD?

Description

check bo

Time

  • Played on: June 19, 2017, 12:56 p.m.
  • Length: 14:20

All games in this series

Show
View Real Time Build Order
Export as new Build Order

Neeb Protoss - Winner!

Build Orders: 1 Gate Expand, Oracle Opening, Colossus Rush 

Get SALT Encoding   

  12  0:01  Probe (Chrono Boost)  
  13  0:11  Probe (Chrono Boost)  
  14  0:17  Pylon  
  14  0:22  Probe (Chrono Boost)  
  16  0:36  Gateway, Probe (Chrono Boost)  
  16  0:44  Assimilator  
  16  0:46  Probe (Chrono Boost)  
  17  0:57  Probe (Chrono Boost)  
  18  1:07  Probe (Chrono Boost)  
  19  1:19  Nexus  
  19  1:23  Probe (Chrono Boost)  
  20  1:32  Cybernetics Core  
  20  1:37  Probe (Chrono Boost)  
  21  1:41  Assimilator  
  21  1:48  Probe (Chrono Boost)  
  21  1:53  Pylon  
  22  1:58  Probe (Chrono Boost)  
  23  2:11  Mothership Core (Chrono Boost)  
  25  2:19  Warp Gate  
  25  2:25  Adept  
  25  2:29  Probe (Chrono Boost)  
  28  2:31  Probe (Chrono Boost)  
  29  2:40  Probe (Chrono Boost)  
  29  2:41  Probe (Chrono Boost)  
  31  2:50  Probe (Chrono Boost)  
  32  2:52  Probe (Chrono Boost)  
  32  2:53  Stargate  
  35  3:01  Probe (Chrono Boost)  
  35  3:02  Probe (Chrono Boost), Pylon  
  37  3:12  Probe (Chrono Boost)  
  38  3:13  Probe (Chrono Boost), Pylon  
  39  3:22  Probe (Chrono Boost)  
  39  3:23  Probe (Chrono Boost)  
  39  3:32  Nexus  
  39  3:33  Probe x2 (Chrono Boost)  
  40  3:36  Oracle (Chrono Boost)  
  44  3:43  Probe  
  44  3:44  Probe  
  46  3:49  Pylon  
  46  3:54  Probe  
  46  3:56  Probe  
  46  3:58  Robotics Facility  
  46  4:01  Gateway  
  48  4:06  Probe (Chrono Boost)  
  48  4:07  Assimilator  
  48  4:09  Assimilator  
  49  4:10  Probe (Chrono Boost)  
  50  4:17  Probe (Chrono Boost)  
  50  4:18  Pylon  
  50  4:20  Probe (Chrono Boost)  
  50  4:23  Sentry  
  54  4:26  Pylon  
  54  4:28  Probe (Chrono Boost)  
  56  4:31  Probe (Chrono Boost)  
  57  4:38  Probe (Chrono Boost)  
  57  4:42  Probe (Chrono Boost)  
  58  4:46  Probe (Chrono Boost)  
  58  4:47  Immortal (Chrono Boost)  
  58  4:50  Robotics Bay  
  58  4:51  Probe (Chrono Boost)  
  64  4:54  Probe (Chrono Boost)  
  64  4:55  Probe (Chrono Boost)  
  66  5:01  Probe  
  66  5:04  Gateway  
  66  5:05  Gateway, Probe x2  
  69  5:11  Probe  
  70  5:15  Probe  
  70  5:17  Probe  
  70  5:18  Assimilator  
  72  5:22  Assimilator, Probe, Pylon  
  72  5:23  Observer (Chrono Boost)  
  72  5:26  Probe  
  79  5:31  Forge  
  79  5:32  Probe  
  79  5:33  Probe  
  79  5:35  Colossus (Chrono Boost)  
  81  5:37  Probe  
  81  5:41  Extended Thermal Lance (Chrono Boost)  
  84  5:44  Probe  
  84  5:45  Probe  
  84  5:47  Probe  
  84  5:49  Pylon  
  87  5:50  Void Ray  
  87  5:56  Probe, Protoss Ground Weapons Level 1 (Chrono Boost)  
  92  6:01  Probe  
  92  6:02  Probe  
  92  6:03  Pylon  
  94  6:06  Pylon  
  94  6:09  Twilight Council  
  94  6:20  Colossus, Photon Cannon  
  94  6:21  Photon Cannon  
  94  6:23  Pylon  
  94  6:27  Gateway  
  94  6:30  Gateway  
  100  6:37  Sentry, Stalker  
  104  6:41  Forge  
  104  6:42  Blink (Chrono Boost)  
  104  6:44  Pylon  
  104  6:46  Pylon  
  104  6:53  Stalker x2  
  108  6:56  Pylon  
  108  7:01  Stalker x2  
  112  7:04  Mothership Core  
  112  7:07  Colossus  
  112  7:14  Probe  
  119  7:16  Protoss Ground Armor Level 1 (Chrono Boost), Pylon  
  119  7:18  Pylon  
  119  7:21  Photon Cannon  
  119  7:22  Photon Cannon  
  119  7:23  Stalker  
  119  7:24  Pylon  
  119  7:25  Stalker  
  123  7:30  Adept x2  
  123  7:36  Adept x2  
  131  7:47  Protoss Ground Weapons Level 2 (Chrono Boost)  
  131  7:52  Photon Cannon  
  131  7:53  Stalker x4  
  139  7:59  Warp Prism, Pylon  
  141  8:13  Adept x2  
  141  8:19  Adept x4  
  152  8:30  Pylon  
  152  8:33  Pylon  
  152  8:34  Pylon  
  152  8:36  Gateway x2  
  152  8:39  Observer  
  152  8:40  Pylon  
  153  8:43  Nexus, Resonating Glaives  
  153  8:53  Adept x5  
  163  9:00  Immortal  
  167  9:04  Fleet Beacon  
  167  9:08  Stargate  
  167  9:18  Protoss Ground Armor Level 2 (Chrono Boost)  
  167  9:21  Adept x4, Nexus  
  175  9:25  Pylon  
  175  9:34  Protoss Ground Weapons Level 3 (Chrono Boost)  
  175  9:50  Tempest (Chrono Boost)  
  175  9:52  Stargate, Tempest (Chrono Boost)  
  183  10:10  Stalker x6  
  189  10:14  Dark Shrine  
  189  10:15  Gateway, Probe  
  189  10:19  Gateway  
  189  10:21  Immortal  
  194  10:30  Assimilator  
  194  10:35  Assimilator  
  194  10:38  Tempest (Chrono Boost)  
  194  10:40  Photon Cannon  
  198  10:47  Tempest (Chrono Boost)  
  200  11:10  Templar Archives  
  198  11:18  Adept  
  196  11:28  Tempest x2 (Chrono Boost)  
  200  11:56  Psionic Storm  
  200  12:01  Protoss Shields Level 1  
  192  12:06  High Templar x3  
  198  12:22  Tempest  
  198  12:28  Tempest  
  200  12:43  Zealot x7  
  199  12:50  Nexus  
  195  12:58  Adept x3  
  200  13:05  Adept x5  
  195  13:06  Adept  
  181  13:44  Nexus  
  173  13:58  Stalker x3  
  173  13:59  Stalker x7  
  173  14:01  Assimilator  
  181  14:15  Assimilator  
  181  14:16  Assimilator  
Show
View Real Time Build Order
Export as new Build Order

Kelazhur Terran 

Build Orders: MMM Bio 

Get SALT Encoding   

  12  0:00  SCV  
  13  0:13  SCV  
  14  0:18  Supply Depot  
  14  0:25  SCV  
  15  0:39  SCV  
  15  0:41  Barracks  
  16  0:51  SCV  
  17  0:58  Supply Depot  
  17  1:03  SCV  
  18  1:15  SCV  
  19  1:27  Orbital Command  
  19  1:35  Command Center  
  19  1:39  Marine  
  20  1:53  SCV  
  21  2:07  Command Center  
  21  2:08  Marine  
  21  2:10  SCV  
  23  2:21  Barracks  
  23  2:22  SCV  
  24  2:26  Marine  
  25  2:32  Barracks  
  25  2:35  SCV  
  26  2:39  Refinery  
  26  2:44  Marine  
  26  2:45  Refinery  
  26  2:50  Orbital Command  
  27  2:53  SCV  
  28  3:02  Marine  
  29  3:06  SCV  
  29  3:08  Marine  
  31  3:16  SCV  
  31  3:18  SCV  
  31  3:19  Barracks Tech Lab  
  33  3:20  Orbital Command  
  33  3:22  Marine  
  34  3:28  Marine, SCV  
  34  3:30  SCV  
  37  3:37  Marine  
  37  3:38  Stimpack  
  37  3:40  Marine  
  37  3:41  SCV  
  40  3:42  SCV  
  40  3:45  Marine  
  40  3:46  SCV  
  43  3:53  Factory, SCV  
  43  3:54  SCV  
  43  3:55  Marine  
  45  3:58  Marine, SCV  
  48  4:03  Supply Depot, Marine  
  48  4:05  SCV  
  48  4:07  SCV  
  51  4:12  SCV  
  52  4:19  Engineering Bay, Marine x2, SCV x2  
  52  4:21  Engineering Bay  
  52  4:22  Marine  
  57  4:24  SCV  
  57  4:30  Supply Depot  
  58  4:31  SCV  
  58  4:32  SCV  
  58  4:36  SCV  
  58  4:37  Marine  
  62  4:42  Marine x2  
  62  4:44  SCV x2  
  63  4:47  Terran Infantry Weapons Level 1  
  63  4:48  SCV  
  63  4:50  Starport  
  63  4:51  Factory Reactor  
  63  4:55  Terran Infantry Armor Level 1, Marine  
  63  4:56  SCV x2  
  63  4:58  Refinery  
  63  4:59  Refinery  
  66  5:00  SCV  
  66  5:01  Marine x2  
  69  5:08  SCV x2  
  69  5:10  Supply Depot  
  71  5:14  Marine  
  71  5:15  Orbital Command  
  71  5:19  Marine  
  71  5:20  SCV x2  
  71  5:21  Missile Turret  
  75  5:23  Missile Turret  
  75  5:26  Marine  
  76  5:31  Supply Depot  
  76  5:32  Marine, SCV  
  78  5:36  SCV  
  78  5:39  Medivac  
  78  5:40  Medivac  
  78  5:41  Factory Reactor  
  78  5:42  SCV  
  84  5:44  SCV  
  84  5:45  Combat Shields  
  84  5:46  Missile Turret  
  85  5:50  Supply Depot x2  
  85  5:53  SCV  
  85  5:54  Armory  
  86  5:58  Barracks Reactor, Barracks Tech Lab  
  86  6:01  Barracks, SCV  
  86  6:02  SCV  
  86  6:03  Barracks  
  88  6:05  SCV  
  88  6:07  Supply Depot  
  88  6:10  Marauder  
  91  6:13  SCV  
  92  6:21  Marauder  
  92  6:22  Concussive Shells, SCV  
  92  6:23  Widow Mine x2  
  99  6:25  Supply Depot  
  99  6:28  SCV  
  99  6:30  Medivac x2  
  99  6:31  SCV  
  105  6:34  Refinery, SCV  
  105  6:37  Marine x2  
  108  6:40  SCV  
  108  6:43  Supply Depot, SCV  
  108  6:44  Supply Depot, Marine x2  
  108  6:46  SCV  
  113  6:51  Supply Depot  
  113  6:52  SCV  
  114  6:54  Widow Mine x2, Barracks Reactor, Barracks Tech Lab  
  118  7:05  Marauder x2, Marine x2  
  118  7:06  SCV  
  118  7:08  Supply Depot  
  122  7:09  Medivac x2  
  126  7:16  Marauder  
  126  7:21  Refinery  
  128  7:23  Widow Mine x2, Supply Depot  
  128  7:27  Terran Infantry Weapons Level 2, Marauder  
  128  7:28  Marine x3  
  137  7:33  Supply Depot  
  137  7:34  Supply Depot  
  137  7:39  Command Center  
  137  7:41  Marauder  
  137  7:43  Marine x2  
  141  7:48  Marauder  
  143  7:58  Fusion Core  
  143  7:59  Supply Depot x2  
  143  8:00  Starport  
  143  8:01  Terran Infantry Armor Level 2  
  143  8:07  Marauder x2, Marine  
  143  8:11  Liberator  
  148  8:14  Liberator  
  148  8:23  Marauder, Marine x3  
  148  8:25  Widow Mine, Supply Depot, Marine  
  148  8:26  Widow Mine  
  158  8:28  Marauder, Marine  
  165  8:41  Marine x2  
  165  8:42  Marine  
  165  8:44  Marauder  
  165  8:46  Marauder  
  175  8:56  Liberator  
  175  8:57  Missile Turret, Marine, Liberator  
  175  8:58  Marauder  
  175  8:59  Marine  
  175  9:01  Starport Tech Lab  
  176  9:04  Terran Ship Weapons Level 1  
  176  9:06  Marauder, Marine x2  
  176  9:08  Marauder  
  182  9:10  Planetary Fortress  
  182  9:11  Liberator  
  182  9:15  Marine  
  189  9:19  Marauder  
  189  9:23  Advanced Ballistics, Missile Turret  
  191  9:26  Missile Turret x2  
  194  9:35  Missile Turret  
  194  9:38  Missile Turret  
  194  9:40  Missile Turret  
  194  9:43  Marine  
  194  9:44  Marauder, Marine  
  198  9:45  Marine  
  198  9:47  Widow Mine, Marine x2  
  198  9:48  Marine  
  199  9:56  SCV  
  199  9:57  SCV  
  199  10:01  Marine x2  
  199  10:05  Terran Infantry Weapons Level 3, Marauder  
  200  10:10  SCV  
  200  10:14  Marauder  
  199  10:30  Terran Infantry Armor Level 3  
  199  10:34  Barracks x2  
  199  10:35  SCV  
  199  10:36  Barracks  
  199  10:37  Liberator  
  199  10:38  Command Center  
  198  11:05  Liberator x2  
  198  11:12  Starport  
  193  11:24  Marauder  
  197  11:34  Marauder, Marine  
  197  11:35  Liberator  
  198  11:44  Marauder  
  194  11:54  Liberator x2  
  194  11:55  Starport Reactor  
  194  12:00  Barracks  
  181  12:02  Barracks x2  
  181  12:03  Command Center  
  177  12:09  Marauder  
  185  12:17  Liberator  
  181  12:25  Marine, Liberator x2  
  181  12:26  Marauder  
  181  12:27  Marine x2  
  181  12:28  Marauder  
  171  12:30  Marine  
  171  12:31  Marauder  
  171  12:34  Marine x3  
  162  12:37  Liberator  
  162  12:43  Marine  
  153  12:45  Marine x2, Liberator  
  153  12:47  Marauder  
  153  12:48  Marine  
  153  12:49  Marauder  
  153  12:50  Starport  
  152  12:52  Marauder  
  152  12:53  Starport  
  152  12:54  Marine x2  
  159  13:00  Liberator  
  159  13:02  Marine  
  159  13:03  Marine x3  
  159  13:05  Marine  
  157  13:09  Marauder  
  144  13:13  Marine  
  144  13:14  Marauder, Marine  
  144  13:15  Marauder, Marine  
  144  13:17  Marine x2  
  138  13:20  Marine  
  138  13:21  Marine x3  
  138  13:23  Marine  
  138  13:25  Viking x2  
  139  13:30  Marine  
  139  13:31  Marine  
  139  13:32  Marine x2  
  137  13:34  Marine  
  137  13:35  Marauder, Marine  
  137  13:37  Viking  
  137  13:38  Marine  
  137  13:39  Marine  
  137  13:40  Marine x3  
  137  13:41  Marine  
  143  13:45  Viking  
  143  13:47  Marine  
  129  13:57  Marauder  
  129  13:58  Marauder, Marine  
Tags
 
Add a new tag
Caveats
  • Supply blocks, unpowered buildings, or Contaminate may cause inaccurate times.
  • Supply counts are checked every 10 seconds.